 Dungeon Crawl Stone Soup version 0.31.0-11-ge490571c62 (webtiles) character file.

Game seed: 5292446578086460195

14 Arcadio the Chiller (level 2, -1/19 HPs)
             Began as a Barachi Ice Elementalist on Jan 31, 2024.
             Succumbed to an adder's poison
             ... on level 2 of the Dungeon.
             The game lasted 00:02:15 (1059 turns).

Arcadio the Chiller (Barachi Ice Elementalist)      Turns: 1059, Time: 00:02:16

Health: -1/19      AC:  3    Str:  9    XL:     2   Next: 45%
Magic:  5/5        EV: 12    Int: 15    God:
Gold:   19         SH:  0    Dex: 12    Spells: 5/6 levels left

rFire   . . .        d - +1 war axe (heavy)
rCold   . . .        (no shield)
rNeg    . . .        a - +0 robe
rPois   .            e - +0 helmet
rElec   .            (no cloak)
rCorr   .            (no gloves)
SInv    .            (no boots)
Will    .....        (no amulet)
Stlth   ++           (no ring)
HPRegen 0.23/turn    (no ring)
MPRegen 0.09/turn

%: no passive effects
@: lethally poisoned (-1 -> -13), slow
A: amphibious, slowness 1, strong legs 1, +LOS
a: Hop


You were on level 2 of the Dungeon.
You visited 1 branch of the dungeon, and saw 2 of its levels.

You collected 19 gold pieces.

Inventory:

Hand Weapons
 d - a +1 heavy war axe (weapon)
Armour
 a - a +0 robe (worn)
 e - a +0 helmet (worn)
Jewellery
 j - an amulet of faith
Scrolls
 c - 3 scrolls of teleportation {unknown}
 f - 2 scrolls of identify {unknown}
 g - a scroll of fear {unknown}
 i - a scroll of silence {unknown}
Potions
 b - a potion of magic
 h - a potion of mutation {unknown}


   Skills:
 + Level 2.6 Dodging
 - Level 1.7 Stealth
 + Level 2.5 Spellcasting
 + Level 5.1 Ice Magic


You had 5 spell levels left.
You knew the following spells:

 Your Spells              Type           Power      Damage    Failure   Level
a - Freeze                Ice            68%        1d8       2%          1

Your spell library contained the following spells:

 Spells                   Type           Power      Damage    Failure   Level
 Frozen Ramparts          Ice            34%        1d6       8%          3
 Ozocubu's Armour         Ice            17%        N/A       8%          3
 Magic Dart               Conj           4%         1d3       22%         1
 Sandblast                Erth           2%         2d4       22%         1
 Summon Ice Beast         Ice/Summ       9%         N/A       22%         3
 Blink                    Tloc           2%         N/A       32%         2
 Call Imp                 Summ           2%         N/A       32%         2
 Passwall                 Erth           1%         N/A       54%         3
 Stone Arrow              Conj/Erth      2%         3d7       54%         3
 Brom's Barrelling Bould  Conj/Erth      1%         2d3       91%         4


Dungeon Overview and Level Annotations

Branches:
Dungeon (2/15)

Altars:

Shops:
D:1 !(!*=


Innate Abilities, Weirdness & Mutations

You are amphibious.
You cover ground slowly.
You can hop short distances.
You have an extended range of vision and can be seen from far away.


Message History

You slash the hobgoblin!
You kill the hobgoblin!
You see here a hobgoblin corpse.
You now have 19 gold pieces (gained 6).
c - 2 scrolls labelled NUYMUS ASTE (gained 1)
h - an emerald potion
i - a scroll labelled CASTIGAVUA You pick your way through the web.
j - an amulet of faith
There is a web here.
There is a stone staircase leading up here.
c - 3 scrolls labelled NUYMUS ASTE (gained 1)
A kobold comes into view. It is wielding a +0 dagger.
Okay, then.
You closely miss the kobold.
The kobold hits you with a +0 dagger. x2
The kobold hits you but does no damage.
You barely miss the kobold. The kobold closely misses you. x2
You barely miss the kobold. The kobold hits you but does no damage.
The kobold misses you.
You slash the kobold!
You kill the kobold!
Things that are here:
a +0 dagger; 3 stones
Things that are here:
a +0 dagger; 3 stones An adder comes into view.
The adder hisses angrily.
The adder barely misses you.
You closely miss the adder. The adder bites you.
You are poisoned.
The adder poisons you! The adder bites you.
You are more poisoned.
The adder poisons you! The adder bites you.
You barely miss the adder.
You feel very sick. The adder misses you. The adder bites you. x2
You are more poisoned.
The adder poisons you!
You barely miss the adder.
You die...

..... ##.#...#
...#.####..#.#.#
#..#...........
#.##..........
#.##.........
#.##.......>#
#.##........#
#S####...#.#####
#@##...........###
#.##.......###..<.
#.##....##.#######
#.#.....##...## #
##.......####..##
#
#########........#
##..###
#..).......#.....#
##....
#..........#.#####
#####
#..........#.#


You could see an adder.

Vanquished Creatures
  2 endoplasms (D:2)
  2 hobgoblins
  4 kobolds
  4 frilled lizards
  3 rats
15 creatures vanquished.

Notes
Turn   | Place    | Note
-------+----------+-------------------------------------------
     0 | D:1      | Arcadio the Barachi Ice Elementalist began the quest for
                  | the Orb.
     0 | D:1      | Reached XP level 1. HP: 13/13 MP: 3/3
    51 | D:1      | Found Imaji's Distillery.
   154 | D:1      | Found Dufym's Distillery.
   219 | D:1      | Found Hyusyack's Assorted Antiques.
   312 | D:1      | Found Deciapn's Jewellery Boutique.
   558 | D:1      | Found Ucuesi's Antique Weapon Shop.
   650 | D:1      | Reached skill level 5 in Ice Magic
   740 | D:1      | Reached XP level 2. HP: 12/19 MP: 5/5
  1059 | D:2      | Succumbed to an adder's poison

Illustrated notes

Levels and vault maps discovered:
D:1:      dpeg_arrival_more_subterranean_lakeside_camping, layout_basic,
          serial_shops, shop, shop, nicolae_diamond_shop,
          nicolae_shop_rolling_square, nicolae_shop_hallway_plus
D:2:      layout_rooms, minmay_statues_item, corner_web_ring

Skill      XL: |  1 |
---------------+----+-----
Ice Magic      | 5 |  5.1
Dodging        | |  2.6
Stealth        | |  1.7
Spellcasting   | |  2.5

Action                     || total
---------------------------++-------
  Melee: War axe           ||    39
   Stab: Sleeping          ||     4
 Armour: Robe              ||    34
  Dodge: Dodged            ||    28
